Unix NetHack Version 5.0.0-0 post-release - last build May 22 2026 02:22:16 (99d1c3b6dc4b13757aaa5824b55bdea4e1e63757,branch:main).

Game began 2026-05-22 23:49:51, ended 2026-05-22 23:57:51.

Jobair, neutral female human Tourist

                                                -----       ------------
      ------#-----                              |...|       |..........|
      |..........+                              |...-#      |..........|
     #@..........|                             #....|#      |..........|
     h|d.........| ##                          #|...|##     |..........|
      |........>..####                         #---.- #     --------.---
      ------------  #                          #   ## #          ####
                    #                          #    # #          #
                    #                          #    #0###        #
                    # --------------           #      #####      #
                    # |.............#         ##      ##0##############
                    # |............|#         #        #--------.-.---.-
                    ##.............|#         #        #|..............|
                      |............|###       #        #|....<.........|
                      |............|  # ------#        #|..............|
                      --------------  ##.....-#      ###|..............|
                                        |....|      ##  ----------------
                                        |..(.-#######
                                        ------

Jobair the Sightseer        St:9 Dx:11 Co:16 In:12 Wi:9 Ch:18  Neutral
Dlvl:3  $:377 HP:0(25) Pw:11(11) AC:9  Xp:3 T:1138 

Latest messages:
 There is a gecko corpse here; eat it? [ynq] (n) y
 This gecko corpse tastes okay.
 You finish eating the gecko corpse.
 a - a +2 dart (at the ready) (25 in total).
 You see here 2 +2 darts.
 a - 2 +2 darts (at the ready) (27 in total).
 You see here 4 gold pieces.
 $ - 4 gold pieces (377 in total).
 You see here a chest.
 s - a scroll labeled JUYED AWK YACC (2 in total).
 The door resists!
 The door resists!
 The door opens.
 You swap places with Godzilla.
 You see here an empty unlocked chest.
 You miss the green mold.
 You miss the green mold.
 You hit the green mold.
 You kill the green mold!
 You see here a green mold corpse.
 You see here a green mold corpse.
 There is a green mold corpse here; eat it? [ynq] (n) y
 You have a very bad case of stomach acid.
 You finish eating the green mold corpse.
 You feel less concerned about becoming petrified.
 You miss the giant rat.
 The giant rat bites!
 You miss the giant rat.
 The giant rat bites!
 You hit the giant rat.
 The giant rat bites!
 You no longer feel secure from petrification.
 You kill the giant rat!
 Welcome to experience level 3.
 The hobbit swings his sling.
 The hobbit hits!
 What do you want to use or apply?
 In what direction? 1
 The hobbit is blinded by the flash!
 The hobbit swings his sling.
 The hobbit hits!
 You miss the hobbit.
 The hobbit swings his sling.
 The hobbit hits!
 You die...
 Do you want your possessions identified? [ynq] (y) y
 Do you want to see your attributes? [ynq] (y) y
 Do you want an account of creatures vanquished? [ynaq] (y) y
 Do you want to see your conduct and achievements? [ynq] (y) y
 Do you want to see the dungeon overview? [ynq] (y) y

Inventory:
 Coins    ('$')
  $ - 377 gold pieces
 Weapons  (')')
  a - 27 +2 darts (at the ready)
  y - a blessed +0 elven dagger (weapon in right hand)
  o - 2 +0 orcish daggers
 Armor    ('[')
  q - a blessed +0 orcish helm
  u - an uncursed +0 orcish helm (being worn)
  k - an uncursed +0 Hawaiian shirt with a ukulele motif
 Comestibles  ('%')
  d - an uncursed goober
  f - 4 uncursed food rations
  g - an uncursed lembas wafer
  c - an uncursed pear
  e - 2 uncursed tins of sauteed lichen
  b - 3 uncursed eggs
 Scrolls  ('?')
  s - 2 uncursed scrolls of confuse monster
  v - an uncursed scroll of enchant armor
  x - an uncursed scroll of light
  j - a blessed scroll of magic mapping
  i - 3 uncursed scrolls of magic mapping
 Spellbooks  ('+')
  t - a blessed spellbook of healing
  r - a blessed spellbook of remove curse
 Potions  ('!')
  h - 2 uncursed potions of extra healing
  w - an uncursed potion of gain level
 Tools    ('(')
  m - an uncursed credit card
  l - an expensive camera (0:77)
  n - an uncursed towel
 Gems/Stones  ('*')
  z - an uncursed worthless piece of violet glass

Jobair the Tourist's attributes:

Background:
 You were a Sightseer, a level 3 female human Tourist.
 You were neutral, nominally on a mission for The Lady
 who was opposed by Blind Io (lawful) and Offler (chaotic).
 You were right-handed.
 You were in the Dungeons of Doom, on level 3.
 You entered the dungeon 1138 turns ago.
 It was nighttime.
 You had 48 experience points, 32 more were needed to attain level 4.

Basics:
 You had 0 out of 25 hit points.
 You had all 11 energy points (spell power).
 Your armor class was 9.
 Your wallet contained 377 zorkmids.
 Autopickup was off.

Final Characteristics:
 Your strength was 9 (limit:18/100).
 Your dexterity was 11 (limit:18).
 Your constitution was 16 (limit:18).
 Your intelligence was 12 (limit:18).
 Your wisdom was 9 (limit:18).
 Your charisma was 18 (limit:18).

Final Status:
 You weren't hungry.
 You were unencumbered.
 You were wielding a dagger.
 You were unskilled in dagger and could have enhanced that.

Final Attributes:
 You were fervently aligned.
 You are dead.

Miscellaneous:
 You didn't encounter any bones levels.
 Total elapsed playing time was 7 minutes and 58 seconds.

Major events:
 Turn
    1: Jobair the neutral female human Tourist entered the dungeon
 1110: attained the rank of Sightseer (level 3)
 1138: killed by a hobbit

You didn't know any spells.

Skills:
 Fighting Skills
   bare handed combat [Unskilled]
   two weapon combat  [Unskilled]
   riding             [Unskilled]
 Weapon Skills
   dagger             [Unskilled]
   knife              [Unskilled]
   axe                [Unskilled]
   pick-axe           [Unskilled]
   short sword        [Unskilled]
   broadsword         [Unskilled]
   long sword         [Unskilled]
   two-handed sword   [Unskilled]
   saber              [Unskilled]
   mace               [Unskilled]
   morning star       [Unskilled]
   flail              [Unskilled]
   hammer             [Unskilled]
   quarterstaff       [Unskilled]
   polearms           [Unskilled]
   spear              [Unskilled]
   trident            [Unskilled]
   lance              [Unskilled]
   bow                [Unskilled]
   sling              [Unskilled]
   crossbow           [Unskilled]
   dart               [Basic]
   shuriken           [Unskilled]
   boomerang          [Unskilled]
   whip               [Unskilled]
   unicorn horn       [Unskilled]
 Spellcasting Skills
   divination spells  [Unskilled]
   enchantment spells [Unskilled]
   escape spells      [Unskilled]

Voluntary challenges:
 Character rerolling was not enabled.
 You were an atheist.
 You were illiterate.
 You never genocided any monsters.
 You never polymorphed an object.
 You never changed form.
 You used no wishes.
Achievement:
 You attained the rank of Sightseer.

 The Dungeons of Doom: levels 1 to 3
    Level 1:
       A sink.
    Level 2:
    Level 3: <- You were here.
       Final resting place for
          you, killed by a hobbit.


Vanquished creatures:
  3 dwarf zombies
  a hobbit
  2 giant rats
  a green mold
  2 gnome zombies
  a gecko
  2 jackals
  3 goblins
  a sewer rat
  6 grid bugs
  6 lichens
  7 kobold zombies
  a newt
36 creatures vanquished.

No species were genocided or became extinct.

Game over:
                       ----------
                      /          \
                     /    REST    \
                    /      IN      \
                   /     PEACE      \
                  /                  \
                  |      Jobair      |
                  |      377 Au      |
                  |   killed by a    |
                  |      hobbit      |
                  |                  |
                  |                  |
                  |       2026       |
                 *|     *  *  *      | *
        _________)/\\_//(\/(/\)/\//\/|_)_______

Aloha Jobair the Tourist...

You died in The Dungeons of Doom on dungeon level 3 with 343 points,
and 377 pieces of gold, after 1138 moves.
You were level 3 with a maximum of 25 hit points when you died.

